 Dungeon Crawl Stone Soup version 0.27-a0-92-g39ad13b146 (webtiles) character file.

Game seed: 14310763047588284628

9 knot the Chopper (level 2, 16/24 HPs)
             Began as a Demonspawn Berserker on Jan 16, 2021.
             Was a Follower of Trog.
             Quit the game on level 1 of the Dungeon.
             The game lasted 00:00:15 (63 turns).

knot the Chopper (Demonspawn Berserker)               Turns: 63, Time: 00:00:16

Health: 16/24      AC:  2    Str: 17    XL:     2   Next: 3%
Magic:  2/2        EV: 12    Int:  8    God:    Trog [*.....]
Gold:   0          SH:  0    Dex: 12    Spells: 1/1 levels left

rFire    . . .     SeeInvis .   a - +0 hand axe
rCold    . . .     Faith    .   (no shield)
rNeg     . . .     Spirit   .   b - +0 animal skin
rPois    .         Reflect  .   (no helmet)
rElec    .         Harm     .   (no cloak)
rCorr    .         Rampage  .   (no gloves)
Will     .....                  (no boots)
Stlth    +.........             (no amulet)
HPRegen  0.08/turn              (no ring)
MPRegen  0.08/turn              (no ring)

@: no status effects
A: powered by pain 1
a: Renounce Religion, Berserk


You were on level 1 of the Dungeon.
You worshipped Trog.
Trog was aware of your devotion.
You visited 1 branch of the dungeon, and saw 1 of its levels.

Inventory:

Hand Weapons
 a - a +0 hand axe (weapon)
Armour
 b - a +0 animal skin (worn)


   Skills:
 - Level 3.0 Fighting
 + Level 3.2 Axes
 - Level 1.7 Armour
 - Level 1.7 Dodging


You had one spell level left.
You didn't know any spells.
Your spell library was empty.

Dungeon Overview and Level Annotations

Branches:
Dungeon (1/15)

Altars:


Innate Abilities, Weirdness & Mutations

You sometimes gain a little power by taking damage.


Message History

You miss the goblin. The bat hits you but does no damage.
The goblin closely misses you. The bat barely misses you.
Unknown command.
You closely miss the goblin.
The goblin is heavily wounded.
You closely miss the bat. The bat misses you. The bat barely misses you.
The bat closely misses you. The goblin hits you but does no damage.
You barely miss the goblin.
The goblin is heavily wounded.
You closely miss the bat. You miss the bat. The bat hits you.
The bat hits you but does no damage. The goblin closely misses you.
You hit the goblin.
You kill the goblin!
Trog accepts your kill.
You barely miss the bat. The bat closely misses you.
The bat hits you but does no damage. The bat barely misses you.
You have reached level 2!
Your demonic ancestry asserts itself...
You feel energised by your suffering.
Are you sure you want to abandon this character and quit the game? (Confirm with "yes".)

≈≈≈≈...≈≈≈≈≈#
≈≈≈.....≈≈≈≈# ##########
≈≈.^.....≈≈≈# #........#
≈.........≈≈###........#
....≈≈≈....≈≈##........#
...≈...≈....≈##........#
...≈.<.≈......#.....>...
...≈...≈....≈..........#
....≈≈≈....≈≈##.@b.b...#
≈.........≈≈#.#.)).#....
≈≈.......≈≈≈#.[....# ?
≈≈≈.....≈≈≈≈#........
≈≈≈≈...≈≈≈≈≈#..###.##$#
############.... .# ..
...... .. # ....# ...


You could see 2 bats.

Vanquished Creatures
  A giant cockroach (D:1)
  3 goblins (D:1)
  A hobgoblin (D:1)
  3 rats (D:1)
8 creatures vanquished.

Notes
Turn   | Place    | Note
-------+----------+-------------------------------------------
     0 | D:1      | knot the Demonspawn Berserker began the quest for the Orb.
     0 | D:1      | Reached XP level 1. HP: 18/18 MP: 1/1
    63 | D:1      | Gained mutation: You sometimes gain a little power by
                  | taking damage. [demonic ancestry]
    63 | D:1      | Reached XP level 2. HP: 16/24 MP: 2/2
    63 | D:1      | Quit the game

Illustrated notes

Levels and vault maps discovered:
D:1:      enne_arrival_octagon_isle, layout_rooms, minivault_26,
          nrook_mini_vaults, minmay_tall_x

Skill      XL: |  1 |
---------------+----+-----
Axes           | 3 |  3.2
Fighting       | |  3.0
Armour         | |  1.7
Dodging        | |  1.7

Action                   || total
-------------------------++-------
Melee: Hand axe          ||    19
Armor: Animal skin       ||    10
Dodge: Dodged            ||    29

Table legend: (Time is in decaauts)
 A = Elapsed time spent in this place.
 B = Non-inter-level travel time spent in this place.
 C = Inter-level travel time spent in this place.
 D = Time resting spent in this place.
 E = Time spent auto-exploring this place.
 F = Levels seen in this place.
 G = Mean time per level.
                   A        B        C        D        E       F      G
               +--------+--------+--------+--------+--------+-----+--------+
         Total |     66 |     66 |      0 |      0 |     36 |   1 |   66.0 |
       Dungeon |     66 |     66 |      0 |      0 |     36 |   1 |   66.0 |
               +--------+--------+--------+--------+--------+-----+--------+

Top non-repeatable levels by time:
     D:1: 66 daAuts
